 Dungeon Crawl Stone Soup version 0.27.0-1-g7a089689b8 (webtiles) character file.

Game seed: 13268549078279627440

9447 Anothat the Grappler (level 11, -4/109 HPs)
             Began as a Troll Monk on Aug 8, 2021.
             Was a High Priest of Cheibriados.
             Slain by a jumping spider (14 damage)
             ... on level 2 of the Lair of Beasts.
             The game lasted 00:18:04 (8823 turns).

Anothat the Grappler (Troll Monk)                   Turns: 8823, Time: 00:18:04

Health: -4/109     AC:  9    Str: 41    XL:     11   Next: 23%
Magic:  13/13      EV: 11    Int: 17    God:    Cheibriados [*****.]
Gold:   528        SH: 14    Dex: 23    Spells: 10/10 levels left

rFire    . . .     SeeInvis .     - Unarmed
rCold    . . .     Faith    .   p - +0 kite shield
rNeg     . . .     Spirit   .   G - +0 swamp dragon scales
rPois    +         Reflect  .   (helmet restricted)
rElec    .         Harm     .   (no cloak)
rCorr    .         Rampage  .   (gloves unavailable)
Will     .....                  (boots unavailable)
Stlth    ++........             t - amulet of the acrobat
HPRegen  1.28/turn              h - +6 ring of strength
MPRegen  0.13/turn              J - +4 ring of slaying

@: very slow
A: large, unfitting armour, claws 3, regeneration 1, shaggy fur 1, tough skin 1
a: Renounce Religion, Bend Time, Temporal Distortion, Slouch, Step From Time


You were on level 2 of the Lair of Beasts.
You worshipped Cheibriados.
Cheibriados was extremely pleased with you.
You visited 3 branches of the dungeon, and saw 14 of its levels.
You also visited: Sewer.

You collected 710 gold pieces.
You spent 182 gold pieces at shops.

Inventory:

Armour
 a - a +0 robe
 p - a +0 kite shield (worn)
 u - a +0 pair of gloves
 G - +0 swamp dragon scales (worn)
Jewellery
 h - a +6 ring of strength (left claw)
 t - an amulet of the acrobat (around neck)
 D - an amulet of magic regeneration
 H - a ring of flight
 J - a +4 ring of slaying (right claw)
 K - a ring of see invisible
Wands
 j - a wand of flame (53)
 o - a wand of paralysis (8)
 w - a wand of polymorph (1)
 A - a wand of mindburst (10)
 L - a wand of acid (3)
Scrolls
 e - a scroll of blinking {unknown}
 i - 5 scrolls of identify
 l - 2 scrolls of holy word {unknown}
 q - 2 scrolls of noise {unknown}
 r - a scroll of immolation {unknown}
 s - 2 scrolls of amnesia {unknown}
 y - a scroll of enchant weapon {unknown}
 B - 2 scrolls of vulnerability {unknown}
 C - a scroll of acquirement {unknown}
 E - 6 scrolls of teleportation {unknown}
 F - 2 scrolls of magic mapping {unknown}
Potions
 b - 2 potions of attraction
 c - a potion of invisibility
 d - 4 potions of degeneration
 f - 3 potions of cancellation
 g - a potion of might
 k - 2 potions of haste
 m - a potion of resistance
 n - 2 potions of mutation {unknown}
 v - 4 potions of curing
 x - 3 potions of heal wounds
 z - a potion of magic {unknown}
 I - 2 potions of lignification {unknown}


   Skills:
 + Level 7.1 Fighting
 - Level 3.6 Dodging
 - Level 2.1 Stealth
 + Level 7.9 Shields
 * Level 11.0 Unarmed Combat
 * Level 4.4 Invocations


You had 10 spell levels left.
You didn't know any spells.
Your spell library contained the following spells:

 Spells                   Type           Power      Damage    Failure   Level
 Animate Skeleton         Necr           0%         N/A       36%         1
 Apportation              Tloc           0%         N/A       36%         1
 Corona                   Hex            0%         N/A       36%         1
 Summon Small Mammal      Summ           0%         N/A       36%         1
 Ensorcelled Hibernation  Hex/Ice        0%         N/A       52%         2
 Slow                     Hex            0%         N/A       52%         2
 Confusing Touch          Hex            0%         N/A       75%         3
 Frozen Ramparts          Ice            0%         1d2       75%         3
 Inner Flame              Hex/Fire       0%         N/A       75%         3
 Tukima's Dance           Hex            0%         N/A       75%         3
 Vampiric Draining        Necr           0%         2d6       75%         3
 Cause Fear               Hex            0%         N/A       98%         4
 Ice Form                 Ice/Tmut       0%         N/A       98%         4
 Passage of Golubria      Tloc           N/A        N/A       98%         4
 Summon Ice Beast         Ice/Summ       0%         N/A       98%         4
 Summon Mana Viper        Hex/Summ       0%         N/A       100%        5
 Yara's Violent Unravell  Hex/Tmut       0%         3d3       100%        5
 Monstrous Menagerie      Summ           0%         N/A       100%        7
 Discord                  Hex            0%         N/A       100%        8


Dungeon Overview and Level Annotations

Branches:
Dungeon (11/15)            Temple (1/1) D:5            Lair (1/6) D:8
 Spider (0/4) Lair:2        Sewer (visited)
    Orc: D:9-12

Altars:
Ashenzari
Cheibriados
Dithmenos
Elyvilon
Fedhas
Gozag
Hepliaklqana
Kikubaaqudgha
Makhleb
Nemelex Xobeh
Okawaru
Qazlal
Ru
Sif Muna
Trog
Uskayaw
Vehumet
Wu Jian
Xom
Yredelemnul
Zin
The Shining One

Shops:
D:4 *   D:10 !

Annotations:
D:6 exclusion: orc wizard
D:9 3 runed translucent doors, stickyfingers's ghost, novice HOGl
D:10 exclusion: statue


Innate Abilities, Weirdness & Mutations

You are too large for most types of armour.
You have claws for hands.
Your natural rate of healing is unusually fast.
You are covered in fur. (AC +1)
You have tough skin. (AC +1)


Message History

You struggle to detach yourself from the web.
You feel extremely sick. The redback bites you!
The jumping spider closely misses you.
The jumping spider bites you but does no damage.
The redback closely misses you.
The redback bites you but does no damage.
The jumping spider pounces on you but does no damage.
The jumping spider bites you but does no damage.
You struggle to detach yourself from the web.
You feel extremely sick. The redback closely misses you.
The jumping spider leaps!
The redback bites you but does no damage.
The jumping spider pounces on you. The jumping spider bites you.
The redback bites you but does no damage.
The web tears apart.
You feel very sick. You block the redback's attack.
The jumping spider closely misses you.
The jumping spider bites you but does no damage.
You block the redback's attack. You block the jumping spider's attack.
The jumping spider bites you but does no damage.
The redback bites you but does no damage.
The jumping spider pounces on you! The jumping spider closely misses you.
You are too injured to fight recklessly!
You fail to use your ability.
You feel very sick.
The redback bites you but does no damage.
The jumping spider pounces on you.
* * * LOW HITPOINT WARNING * * *
The jumping spider bites you but does no damage.
The redback barely misses you. The jumping spider pounces on you!
* * * LOW HITPOINT WARNING * * *
The jumping spider bites you but does no damage.
The redback bites you.
* * * LOW HITPOINT WARNING * * *
You are more poisoned.
The redback poisons you!
The jumping spider leaps!
You feel better. The redback bites you!
* * * LOW HITPOINT WARNING * * *
The jumping spider pounces on you!
You die...

......... ##..........
...###..######.........[.
..####..#.#..##..........
..##.#......).......###
....#........####....##
>............# #.....#
....#P##..#..# #.....#
....#######P.# ##.....#
.....# #..# #@s^####
....## #####○ss## ....#
^.^^^# ..... #(^..##
...... #..^^.# #######
#...^^## #.>.^# #...#


You could see a jumping spider and 2 redbacks.

Vanquished Creatures
  Erica (Lair:2)
  A two-headed ogre (D:10)
  Pikel (D:5)
  Maurice (D:9)
  A black mamba (Lair:2)
  A cane toad (Lair:2)
  Maggie (D:10)
  A komodo dragon (Lair:2)
  2 trolls
  A jumping spider (Lair:2)
  A polar bear (Lair:2)
  Grinder (D:4)
  A wraith (D:6)
  3 wyverns
  A shadow (D:10)
  A basilisk (Lair:2)
  A steam dragon (D:8)
  Menkaure (D:4)
  Edmund (D:5)
  An acid dragon (D:8)
  2 sky beasts
  6 orc warriors
  4 black bears
  An ogre (D:4)
  A necrophage (D:8)
  3 centaurs
  A kobold brigand (Sewer)
  6 bullfrogs
  3 scorpions
  14 wights
  4 howler monkeys
  3 bullfrog zombies
  A hound (D:6)
  2 bullfrog skeletons (D:6)
  A jelly (D:5)
  4 orc priests
  2 iguanas
  Natasha (thrice) (D:2)
  6 orc wizards
  2 hound skeletons
  A howler monkey zombie (D:9)
  4 gnolls (D:4)
  7 adders
  5 river rats (Sewer)
  A shadow imp (D:6)
  An adder skeleton (D:4)
  2 worms (D:3)
  2 dart slugs
  14 orcs
  7 endoplasms
  3 giant cockroaches
  13 goblins
  7 hobgoblins
  5 jackals (D:4)
  22 kobolds
  4 quokkas
  13 ball pythons
  3 bats
  4 frilled lizards (D:2)
  27 rats
237 creatures vanquished.

Vanquished Creatures (others)
  A plant (Lair:2)
1 creature vanquished.

Grand Total: 238 creatures vanquished

Notes
Turn   | Place    | Note
-------+----------+-------------------------------------------
     0 | D:1      | Anothat the Troll Monk began the quest for the Orb.
     0 | D:1      | Reached XP level 1. HP: 22/22 MP: 0/0
    79 | D:1      | Reached XP level 2. HP: 29/29 MP: 1/1
   320 | D:1      | Found a faded altar of an unknown god.
   458 | D:2      | Reached XP level 3. HP: 35/36 MP: 2/2
   596 | D:2      | Noticed Natasha
   607 | D:2      | Killed Natasha
   802 | D:2      | Reached XP level 4. HP: 43/44 MP: 3/3
   898 | D:2      | Noticed Natasha
   916 | D:2      | Killed Natasha
   929 | D:2      | Noticed Natasha
   934 | D:2      | Killed Natasha
   935 | D:2      | Reached XP level 5. HP: 39/53 MP: 4/4
  1125 | D:3      | Reached skill level 4 in Unarmed Combat
  1310 | D:3      | Found a glowing drain.
  1332 | Sewer    | Entered a sewer
  1386 | Sewer    | Reached XP level 6. HP: 55/61 MP: 5/5
  2204 | D:3      | You fall into a shaft and drop 2 floors!
  2204 | D:5      | Entered Level 5 of the Dungeon
  2204 | D:5      | Found a glowing silver altar of Zin.
  2306 | D:5      | Found a hide-covered altar of Uskayaw.
  2366 | D:5      | Reached skill level 5 in Unarmed Combat
  2366 | D:5      | Reached XP level 7. HP: 59/70 MP: 6/6
  2442 | D:5      | Noticed Edmund
  2458 | D:5      | Killed Edmund
  2459 | D:5      | Reached skill level 1 in Shields
  2669 | D:5      | Noticed Pikel
  2691 | D:5      | Killed Pikel
  2692 | D:5      | Reached skill level 6 in Unarmed Combat
  2692 | D:5      | Reached XP level 8. HP: 68/79 MP: 7/7
  2809 | D:5      | Found a staircase to the Ecumenical Temple.
  2853 | Temple   | Entered the Ecumenical Temple
  3061 | Temple   | Became a worshipper of Cheibriados the Contemplative
  3061 | Temple   | Reached * piety under Cheibriados
  3061 | Temple   | Reached ** piety under Cheibriados
  3422 | D:6      | Reached skill level 7 in Unarmed Combat
  3518 | D:6      | Reached skill level 5 in Fighting
  3831 | D:4      | Found a shimmering altar of Xom.
  3973 | D:4      | Reached XP level 9. HP: 88/88 MP: 8/8
  4001 | D:4      | Found a broken altar of Ashenzari.
  4058 | D:4      | Reached *** piety under Cheibriados
  4068 | D:4      | Reached skill level 8 in Unarmed Combat
  4086 | D:4      | Found a shadowy altar of Dithmenos.
  4099 | D:4      | Found Xorysiky's General Store.
  4100 | D:4      | Noticed Menkaure
  4105 | D:4      | Killed Menkaure
  4123 | D:4      | Noticed Grinder
  4136 | D:4      | Paralysed by Grinder for 2 turns
  4155 | D:4      | Paralysed by Grinder for 2 turns
  4161 | D:4      | Killed Grinder
  4162 | D:4      | Reached skill level 5 in Shields
  4687 | D:6      | Found a shimmering blue altar of Sif Muna.
  5163 | D:7      | Identified the +1 robe of Good Intentions {Rampage rC+
                  | Int-4}
  5264 | D:7      | Reached skill level 9 in Unarmed Combat
  5376 | D:7      | Found a white marble altar of Elyvilon.
  5519 | D:7      | You fall into a shaft and drop 2 floors!
  5643 | D:9      | Found a runed translucent gate.
  5644 | D:9      | Found a runed translucent gate.
  5644 | D:9      | Found a runed translucent gate.
  5644 | D:9      | Noticed stickyfingers's ghost (novice HOGl)
  5699 | D:9      | Noticed a troll
  5706 | D:9      | Killed a troll
  5756 | D:9      | Noticed Maurice
  5780 | D:9      | Found an iron altar of Okawaru.
  5915 | D:8      | Reached **** piety under Cheibriados
  5919 | D:8      | Reached XP level 10. HP: 96/96 MP: 9/9
  6163 | D:8      | Found a staircase to the Lair.
  6197 | D:8      | Reached skill level 1 in Invocations
  6406 | D:8      | Found a sparkling altar of Nemelex Xobeh.
  7392 | D:9      | Killed Maurice
  7393 | D:9      | Reached skill level 10 in Unarmed Combat
  7499 | D:10     | Entered Level 10 of the Dungeon
  7537 | D:10     | Noticed Maggie
  7544 | D:10     | Killed Maggie
  7609 | D:10     | Found a radiant altar of Vehumet.
  7710 | D:10     | Noticed a two-headed ogre
  7717 | D:10     | Killed a two-headed ogre
  7717 | D:10     | Reached ***** piety under Cheibriados
  7863 | D:10     | Found Zuus's Distillery.
  7869 | D:10     | Bought a potion of curing for 42 gold pieces
  7869 | D:10     | Bought 2 potions of heal wounds for 140 gold pieces
  8358 | Lair:1   | Entered Level 1 of the Lair of Beasts
  8368 | Lair:1   | You fall into a shaft and drop 1 floor!
  8455 | Lair:2   | Noticed a cane toad
  8459 | Lair:2   | Killed a cane toad
  8470 | Lair:2   | Reached XP level 11. HP: 102/107 MP: 12/12
  8725 | Lair:2   | Noticed Erica
  8735 | Lair:2   | Killed Erica
  8736 | Lair:2   | Reached skill level 11 in Unarmed Combat
  8811 | Lair:2   | Found a hole to the Spider Nest.
  8823 | Lair:2   | Slain by a jumping spider

Illustrated notes

Levels and vault maps discovered:
D:1:      scummos_arrival_simple_fountains, layout_rooms,
          hellmonk_ecumenical_altar_lost_god
D:2:      layout_basic, kennysheep_nub, uniq_natasha
D:3:      layout_loops_ring, portal_sewer_entry_a, grunt_decor_arrowhead
D:4:      layout_basic, lemuel_doored_altar, nicolae_ashenzari_panopticon,
          serial_shops, nicolae_stop_n_shop_1,
          eino_small_chamber_without_monster, minmay_ruined_shrine,
          uniq_grinder, uniq_menkaure
D:5:      layout_rooms, kennysheep_little_box, old_standard_altar,
          minmay_temple_entry_overgrown, minmay_misc_feat_alley, uniq_edmund,
          uniq_pikel
D:6:      layout_basic, led_sif_book
D:7:      layout_rooms, elyvilon_altar_4
D:8:      layout_basic, nemelex_altar_shiori, dpeg_oklobed_lair, enter_bailey_3
D:9:      layout_irregular_city, okawaru_ov_weapons_minmay,
          gammafunk_ghost_spectres, uniq_maurice
D:10:     layout_loops_cross, vehumet_statue, serial_shops, shop,
          serial_park_tiny_1, uniq_maggie
D:11:     layout_basic, erik_orc_4, jiyva_altar_1, uniq_grum
Temple:   oiseaux_autumnal_temple
Lair:1:   wander_river, layout_cave_pods, grunt_megastairs_1
Lair:2:   beast_lair_carwin_large_2, layout_chaotic_city,
          spider_nest_entry_funnel_web, minivault_27, uniq_erica

Skill      XL: |  1  2  3  4  5  6  7  8  9 10 11 |
---------------+----------------------------------+-----
Dodging        | 3 |  3.6
Fighting       | 3 4 5 6 7 |  7.1
Unarmed Combat | 4 5 6 7 9 10 11 | 11.0
Stealth        | 2 |  2.1
Shields        | 3 4 6 7 |  7.9
Invocations    | 3 4 |  4.4

Action                   |  1- 3 |  4- 6 |  7- 9 | 10-12 || total
-------------------------+-------+-------+-------+-------++-------
Melee: Unarmed           |    93 |   205 |   246 |   149 ||   693
       Punch             |     1 |     5 |       |       ||     6
Invok: Slouch            |       |       |       |     1 ||     1
       Temporal Distorti |       |       |       |     1 ||     1
Evoke: Wand              |       |       |     3 |     3 ||     6
  Use: Potion            |       |       |     3 |     1 ||     4
       Scroll            |       |       |       |     7 ||     7
 Stab: Sleeping          |     5 |     3 |     2 |       ||    10
       Paralysed         |       |       |     6 |     3 ||     9
       Invisible         |       |       |     3 |       ||     3
       Distracted        |       |       |     1 |       ||     1
Armor: Robe              |    32 |    43 |    34 |     8 ||   117
       Swamp dragon scal |       |       |       |    27 ||    27
Dodge: Dodged            |    36 |   121 |    78 |    69 ||   304
Block: Kite shield       |       |       |   121 |    92 ||   213
